[Event "January 9 Early 2024"]
[Site "https://www.chess.com"]
[Date "2024.01.11"]
[Round "7"]
[White "Vlassov, Nikolai"]
[Black "Kadric, Denis"]
[Result "1-0"]
[Board "91"]
[TimeControl "180+1"]
[WhiteFideId "4103360"]
[BlackFideId "14403803"]
[WhiteElo "2672"]
[BlackElo "2891"]
[WhiteTeam "FID"]
[BlackTeam "MNE"]
[WhiteClock "0:00:45"]
[BlackClock "0:00:03"]

1. e4 d6 2. f4 d5 3. exd5 Nf6 4. Bb5+ c6 5. dxc6 Nxc6 6. Nf3 Bg4 7. Bxc6+ bxc6 8. O-O e6 9. h3 h5 10. d4 c5 11. Nc3 cxd4 12. Qxd4 Bxf3 13. Qa4+ Nd7 14. Rxf3 Bc5+ 15. Be3 O-O 16. Rd1 Qb6 17. Rxd7 Bxe3+ 18. Kh2 h4 19. f5 Bf2 20. Ne4 Be1 21. f6 g6 22. Qd4 Qb8+ 23. Kh1 Rd8 24. Ng5 Rxd7 25. Qxd7 Qf8 26. Nxe6 fxe6 27. Qxe6+ Qf7 28. Qxe1 Rd8 1-0

[Event "January 9 Early 2024"]
[Site "https://www.chess.com"]
[Date "2024.01.11"]
[Round "7"]
[White "Banzea, Alexandru-Bogdan"]
[Black "Tikhonov, Viacheslav"]
[Result "1-0"]
[Board "92"]
[TimeControl "180+1"]
[WhiteFideId "1232622"]
[BlackFideId "44196407"]
[WhiteElo "2715"]
[BlackElo "2536"]
[WhiteTeam "ROU"]
[BlackTeam "RUS"]
[WhiteClock "0:01:04"]
[BlackClock "0:00:01"]

1. d4 Nf6 2. Nc3 d5 3. Bf4 g6 4. e3 Bg7 5. h4 h6 6. Nf3 c6 7. Ne5 Nbd7 8. Bd3 Nxe5 9. Bxe5 O-O 10. Qf3 Ng4 11. Bxg7 Kxg7 12. h5 e5 13. dxe5 Nxe5 14. Qf4 Nxd3+ 15. cxd3 g5 16. Qd4+ Qf6 17. Qxf6+ Kxf6 18. Kd2 Rd8 19. Ne2 Be6 20. Ng3 Rac8 21. b4 a5 22. bxa5 Ra8 23. Rhb1 Ra7 24. a6 Rxa6 25. Rxb7 Rda8 26. Rb2 g4 27. Ne2 Kg5 28. Nf4 Ra3 29. d4 R8a6 30. g3 Kf5 31. Nd3 Kg5 32. Nc5 R6a5 33. e4 dxe4 34. Nxe4+ Kxh5 35. Nc3 Kg6 36. Rb6 c5 37. d5 1-0

[Event "January 9 Early 2024"]
[Site "https://www.chess.com"]
[Date "2024.01.11"]
[Round "7"]
[White "Petersson, Kjell"]
[Black "Van Kooten, Luuk"]
[Result "1-0"]
[Board "93"]
[TimeControl "180+1"]
[WhiteFideId "1705148"]
[BlackFideId "1006533"]
[WhiteElo "2137"]
[BlackElo "2254"]
[WhiteTeam "SWE"]
[BlackTeam "NED"]
[WhiteClock "0:00:38"]
[BlackClock "0:00:08"]

1. d4 Nf6 2. Bf4 g6 3. Nc3 Bg7 4. e4 d6 5. Qd2 O-O 6. O-O-O c6 7. f3 b5 8. Bh6 Nbd7 9. h4 e5 10. Nge2 Qe7 11. g4 b4 12. Nb1 a5 13. h5 Bxh6 14. Qxh6 Ba6 15. hxg6 fxg6 16. Qe3 c5 17. d5 c4 18. Rh2 Nc5 19. Ng3 Rac8 20. g5 Nfd7 21. Bh3 Nd3+ 22. Kd2 Nxb2 23. Rdh1 c3+ 24. Kc1 Nc4 25. Be6+ Kh8 26. Rxh7+ Qxh7 27. Rxh7+ Kxh7 28. Qf2 Rc7 29. Qh2+ Kg7 30. Qh6# 1-0

[Event "January 9 Early 2024"]
[Site "https://www.chess.com"]
[Date "2024.01.11"]
[Round "7"]
[White "Timerkhanov, Alexander"]
[Black "Delorme, Axel"]
[Result "0-1"]
[Board "94"]
[TimeControl "180+1"]
[WhiteFideId "24177938"]
[BlackFideId "632023"]
[WhiteElo "2655"]
[BlackElo "2519"]
[WhiteTeam "RUS"]
[BlackTeam "FRA"]
[WhiteClock "0:00:14"]
[BlackClock "0:01:17"]

1. d4 d5 2. c4 e6 3. Nc3 c5 4. cxd5 exd5 5. Nf3 Nc6 6. g3 Nf6 7. Bg2 cxd4 8. Nxd4 Bc5 9. Nb3 Bb6 10. O-O d4 11. Na4 O-O 12. Nxb6 axb6 13. Bg5 Re8 14. e3 d3 15. Qd2 h6 16. Bxf6 Qxf6 17. Qxd3 Qxb2 18. Qd2 Qxd2 19. Nxd2 Be6 20. a3 Red8 21. Ne4 Rd3 22. Rfb1 Rdxa3 23. Rxa3 Rxa3 24. Nd6 Na5 25. Nxb7 Nxb7 26. Bxb7 Rb3 27. Rxb3 Bxb3 28. Kf1 Kf8 29. Ke1 Ke7 30. Kd2 Kd6 31. Kc3 Bd5 32. Ba6 Kc5 33. Bd3 b5 34. e4 b4+ 35. Kd2 Be6 36. Ke3 b3 37. f4 f6 38. h4 b2 39. Bb1 Kc4 40. e5 fxe5 41. fxe5 g5 42. hxg5 hxg5 43. Kd2 Kd4 44. Ke2 Kxe5 45. Ke3 Bf5 0-1

[Event "January 9 Early 2024"]
[Site "https://www.chess.com"]
[Date "2024.01.11"]
[Round "7"]
[White "Waldhausen Gordon, Frederick"]
[Black "Kvaloy, Aksel Bu"]
[Result "1-0"]
[Board "95"]
[TimeControl "180+1"]
[WhiteFideId "2409143"]
[BlackFideId "1528815"]
[WhiteElo "2566"]
[BlackElo "2726"]
[WhiteTeam "SCO"]
[BlackTeam "NOR"]
[WhiteClock "0:01:22"]
[BlackClock "0:00:05"]

1. f4 e5 2. fxe5 d6 3. exd6 Bxd6 4. Nf3 g5 5. g3 g4 6. Nh4 Ne7 7. Ng2 Ng6 8. Nc3 h5 9. d3 h4 10. Ne4 hxg3 11. Nxd6+ Qxd6 12. e4 gxh2 13. d4 Qg3+ 14. Ke2 Nc6 15. Qd3 Qf3+ 16. Kd2 Qf2+ 17. Kc3 Bd7 18. Be3 Qf3 19. Bg5 f6 20. Bd2 Nh4 21. Rxh2 Qxd3+ 22. Bxd3 Ng6 23. Rxh8+ Nxh8 24. Rh1 Ng6 25. e5 Nf8 26. exf6 O-O-O 27. Bh6 Be6 28. Ne3 Nd7 29. d5 Bxd5 30. Nxd5 Nde5 31. Ne7+ Nxe7 32. fxe7 Re8 33. Bg5 Kd7 34. Bf5+ Kd6 35. Rd1+ Kc5 36. b4+ Kc6 37. Bf6 g3 38. Bxe5 Rxe7 39. Bxg3 Re3+ 40. Rd3 Re7 41. Kb3 b5 42. c4 a6 43. c5 Kb7 44. Bg4 Rg7 45. Bf3+ c6 46. Bd6 Rd7 47. Re3 Kc8 48. Bxc6 1-0

[Event "January 9 Early 2024"]
[Site "https://www.chess.com"]
[Date "2024.01.11"]
[Round "7"]
[White "Manukian, Artak"]
[Black "Shkapenko, Pavel"]
[Result "1-0"]
[Board "96"]
[TimeControl "180+1"]
[WhiteFideId "13301373"]
[BlackFideId "4151933"]
[WhiteElo "2510"]
[BlackElo "2733"]
[WhiteTeam "ARM"]
[BlackTeam "FID"]
[WhiteClock "0:00:12"]
[BlackClock "0:00:49"]

1. e4 e5 2. Nf3 Nc6 3. d4 exd4 4. Nxd4 Bc5 5. Nxc6 bxc6 6. Bc4 Qh4 7. O-O d5 8. g3 Qh3 9. exd5 Nf6 10. Re1+ Kf8 11. Bf1 Qf5 12. Be3 Bxe3 13. Rxe3 cxd5 14. Nc3 c5 15. Bg2 Be6 16. Rf3 Qe5 17. Re3 Qf5 18. Rf3 Qe5 19. Re3 Qc7 20. Rd3 Rb8 21. Nxd5 Bxd5 22. Bxd5 g6 23. c4 Rxb2 24. Qc1 Rb8 25. Qc3 Kg7 26. Rf3 Rb6 27. Re1 Rd8 28. Re6 Rxe6 29. Bxe6 Rd4 30. Bh3 Qe5 31. Bf1 Ne4 32. Qe3 Ng5 33. Qxe5+ Kh6 34. Rf4 Rxf4 35. Qxf4 f6 36. h4 1-0

[Event "January 9 Early 2024"]
[Site "https://www.chess.com"]
[Date "2024.01.11"]
[Round "7"]
[White "Rees, Ioan"]
[Black "Estrada Nieto, Julian"]
[Result "0-1"]
[Board "97"]
[TimeControl "180+1"]
[WhiteFideId "1801236"]
[BlackFideId "5101018"]
[WhiteElo "2402"]
[BlackElo "2599"]
[WhiteTeam "WLS"]
[BlackTeam "ESP"]
[WhiteClock "0:00:19"]
[BlackClock "0:00:59"]

1. e4 e5 2. Nf3 Nc6 3. Bc4 Bc5 4. d3 Nf6 5. O-O d6 6. c3 a6 7. a4 Ba7 8. Na3 O-O 9. Nc2 h6 10. Be3 Be6 11. Bxa7 Rxa7 12. Ne3 d5 13. exd5 Nxd5 14. Nd2 Nf4 15. Bxe6 Nxe6 16. Ndc4 Ra8 17. g3 Qd7 18. Qh5 Qxd3 19. Nxe5 Nxe5 20. Qxe5 Rad8 21. Rfe1 Qd6 22. Qxd6 Rxd6 23. Rad1 Rfd8 24. Rxd6 Rxd6 25. Nc4 Rd5 26. Kf1 Kf8 27. h4 Nc5 28. a5 Nd7 29. Ke2 Ne5 30. Nxe5 Rxe5+ 31. Kd2 Rxa5 32. Kd3 Rd5+ 33. Kc2 f5 34. Re2 Kf7 35. c4 Rd4 36. Kc3 c5 37. b4 Rd1 38. bxc5 Rc1+ 39. Kd4 Kf6 40. Kd5 Rd1+ 0-1

[Event "January 9 Early 2024"]
[Site "https://www.chess.com"]
[Date "2024.01.11"]
[Round "7"]
[White "Mohammadi, Melika"]
[Black "Piesik, Piotr"]
[Result "0-1"]
[Board "98"]
[TimeControl "180+1"]
[WhiteFideId "42529271"]
[BlackFideId "1136194"]
[WhiteElo "2455"]
[BlackElo "2668"]
[WhiteTeam "IRI"]
[BlackTeam "CZE"]
[WhiteClock "0:00:03"]
[BlackClock "0:01:28"]

1. e4 g6 2. d4 Bg7 3. Nc3 c6 4. Nf3 d6 5. h3 Nd7 6. Be3 e5 7. Qd2 Ngf6 8. O-O-O Qe7 9. dxe5 dxe5 10. Bh6 O-O 11. Bxg7 Kxg7 12. g4 Nc5 13. Qg5 Re8 14. Qe3 b5 15. Bd3 a5 16. Ne2 Nfd7 17. Ng3 Nxd3+ 18. Rxd3 Nc5 19. Rd2 a4 20. a3 Rb8 21. Qg5 Qxg5 22. Nxg5 f6 23. Nf3 Ne6 24. Rd6 c5 25. c3 b4 26. cxb4 cxb4 27. axb4 Rxb4 28. Rhd1 Re7 29. Ne1 Bb7 30. Nc2 Rc4 31. Rd7 Kf7 32. Rxe7+ Kxe7 33. Kb1 Bxe4 34. Nxe4 Rxe4 35. Ne3 Nf4 36. Rc1 Nxh3 37. Rc7+ Kd6 38. Rf7 Ke6 39. Rxh7 Nxf2 40. Nc2 Rxg4 41. Ra7 Re4 42. Ra6+ Kf5 43. Rb6 g5 44. Nb4 g4 45. Nd5 g3 46. Rxf6+ Kg4 47. Rg6+ Kf3 48. Nf6 Re1+ 49. Kc2 g2 50. Nd7 Ng4 0-1

[Event "January 9 Early 2024"]
[Site "https://www.chess.com"]
[Date "2024.01.11"]
[Round "7"]
[White "Paikens, Reinis"]
[Black "Radibratovic, Predrag"]
[Result "1-0"]
[Board "99"]
[TimeControl "180+1"]
[WhiteFideId "11624078"]
[BlackFideId "902012"]
[WhiteElo "2281"]
[BlackElo "2498"]
[WhiteTeam "LAT"]
[BlackTeam "SRB"]
[WhiteClock "0:00:30"]
[BlackClock "0:01:11"]

1. c4 c6 2. Nc3 d5 3. cxd5 cxd5 4. d4 Nc6 5. Nf3 Nf6 6. Bf4 a6 7. e3 g6 8. a3 Bg7 9. b4 O-O 10. Be2 Bg4 11. O-O Rc8 12. Rc1 b5 13. h3 Bxf3 14. Bxf3 e6 15. Nb1 Ne7 16. Nd2 Nf5 17. Nb3 Rxc1 18. Qxc1 Nd6 19. Qc6 Nc4 20. Qxa6 Qa8 21. Qxb5 Qxa3 22. Na5 Nd2 23. Rd1 Nxf3+ 24. gxf3 Nh5 25. Bd6 Rc8 26. Bc5 Bh6 27. Qd3 Qa4 28. Qb3 Qb5 29. Qd3 Qa4 30. Rb1 Ng7 31. Qa6 Rb8 32. Qa7 Rc8 33. Qb7 Re8 34. Qc6 Qa2 35. Rf1 Rb8 36. Qc7 Re8 37. b5 Nf5 38. Qc6 Rb8 39. Qc7 Ra8 40. Nc6 Nxe3 41. Ne7+ Kh8 42. Qe5+ Bg7 43. Qxe3 Qb2 44. b6 Bf6 45. Nc6 Kg7 46. Qd3 Ra1 47. Rxa1 Qxa1+ 48. Kg2 Qb2 49. Nb4 Bh4 50. Qe3 h6 51. b7 Bg5 52. Qe5+ Bf6 53. Bf8+ Kxf8 54. b8=Q+ Kg7 55. Qed6 Bxd4 56. Qbf8+ Kf6 57. Qf4# 1-0

[Event "January 9 Early 2024"]
[Site "https://www.chess.com"]
[Date "2024.01.11"]
[Round "7"]
[White "Murzin, Volodar"]
[Black "Bortnyk, Olexandr"]
[Result "0-1"]
[Board "100"]
[TimeControl "180+1"]
[WhiteFideId "44155573"]
[BlackFideId "14120828"]
[WhiteElo "2939"]
[BlackElo "3122"]
[WhiteTeam "FID"]
[BlackTeam "UKR"]
[WhiteClock "0:00:10"]
[BlackClock "0:00:36"]

1. d4 Nf6 2. Nf3 b6 3. Bg5 Ne4 4. Bh4 Bb7 5. Nbd2 g6 6. d5 Nxd2 7. Qxd2 Bg7 8. e4 Bxb2 9. Rd1 Bg7 10. Bc4 O-O 11. O-O d6 12. Nd4 c5 13. Ne2 a6 14. a4 Qd7 15. Nc3 Re8 16. Rb1 Qc7 17. f4 Nd7 18. Kh1 Bc8 19. Qd3 Rb8 20. Rb3 b5 21. axb5 Nb6 22. Rfb1 Nxc4 23. Qxc4 axb5 24. Nxb5 Qa5 25. Be1 Qa2 26. Bc3 Ba6 27. Bxg7 Rxb5 28. Ra1 Rxb3 29. Qxb3 Qxb3 30. cxb3 Bd3 31. Bc3 Bxe4 32. Rd1 Bc2 33. Re1 Bxb3 34. Bf6 Kf8 0-1

[Event "January 9 Early 2024"]
[Site "https://www.chess.com"]
[Date "2024.01.11"]
[Round "7"]
[White "Agrest, Inna"]
[Black "Bournel, Antoine"]
[Result "0-1"]
[Board "101"]
[TimeControl "180+1"]
[WhiteFideId "1708830"]
[BlackFideId "26093553"]
[WhiteElo "2366"]
[BlackElo "2550"]
[WhiteTeam "SWE"]
[BlackTeam "FRA"]
[WhiteClock "0:00:10"]
[BlackClock "0:00:29"]

1. e4 c5 2. Nf3 e6 3. d4 cxd4 4. Nxd4 a6 5. Bd3 Bc5 6. Nb3 Ba7 7. Qg4 Nf6 8. Qg3 Nc6 9. Nc3 Bb8 10. Qxg7 Rg8 11. Qh6 Rxg2 12. Qh3 Rg8 13. Bd2 d5 14. exd5 exd5 15. Qe3+ Be6 16. Ne2 Ng4 17. Qh3 Qf6 18. Qf1 Nxh2 19. Rxh2 Bxh2 20. O-O-O O-O-O 21. Nc5 Bd6 22. Nxe6 fxe6 23. Bxh7 Rh8 24. Bd3 Ne5 25. Nc3 Nxd3+ 26. Qxd3 Qxf2 27. Na4 Kb8 28. Be3 Bf4 0-1

[Event "January 9 Early 2024"]
[Site "https://www.chess.com"]
[Date "2024.01.11"]
[Round "7"]
[White "Glashausser, Sho"]
[Black "Filipovic, Slobodan J"]
[Result "1-0"]
[Board "102"]
[TimeControl "180+1"]
[WhiteFideId "30908329"]
[BlackFideId "939633"]
[WhiteElo "2173"]
[BlackElo "2372"]
[WhiteTeam "USA"]
[BlackTeam "SRB"]
[WhiteClock "0:00:16"]
[BlackClock "0:00:13"]

1. Nf3 c5 2. Nc3 Nc6 3. d4 cxd4 4. Nxd4 e5 5. Ndb5 a6 6. Nd6+ Bxd6 7. Qxd6 Qf6 8. Qd1 Nge7 9. Ne4 Qg6 10. Nd6+ Kf8 11. e4 Nd4 12. Nc4 Qxe4+ 13. Ne3 d5 14. Bd3 Qh4 15. O-O Be6 16. b3 Nec6 17. Ba3+ Kg8 18. c3 Rc8 19. cxd4 Nxd4 20. Rc1 Rxc1 21. Qxc1 h5 22. Qc7 e4 23. Bb1 Qg5 24. Kh1 Kh7 25. Bb2 Nf5 26. Nxf5 Qxf5 27. Qe5 Rc8 28. Qxg7# 1-0

[Event "January 9 Early 2024"]
[Site "https://www.chess.com"]
[Date "2024.01.11"]
[Round "7"]
[White "Madaminov, Mukhiddin"]
[Black "Niedbala, Bartlomiej"]
[Result "1-0"]
[Board "103"]
[TimeControl "180+1"]
[WhiteFideId "14210703"]
[BlackFideId "21834008"]
[WhiteElo "2854"]
[BlackElo "2679"]
[WhiteTeam "UZB"]
[BlackTeam "POL"]
[WhiteClock "0:00:37"]
[BlackClock "0:00:21"]

1. e4 Nf6 2. Nc3 d5 3. e5 Nfd7 4. d4 e6 5. f4 c5 6. Nf3 Nc6 7. Be3 Qb6 8. Na4 Qa5+ 9. c3 b6 10. Bd2 c4 11. b4 Nxb4 12. cxb4 Bxb4 13. Qc2 Bxd2+ 14. Nxd2 b5 15. Nc3 b4 16. Qa4 Qb6 17. Rb1 a5 18. Nb5 O-O 19. Nf3 Nb8 20. Nd6 Nc6 21. Rd1 f6 22. Qc2 a4 23. a3 bxa3 24. Be2 Qb2 25. Rd2 c3 26. O-O cxd2 27. Qxc6 a2 28. exf6 Ra6 29. f7+ Kh8 30. Qe8 1-0

[Event "January 9 Early 2024"]
[Site "https://www.chess.com"]
[Date "2024.01.11"]
[Round "7"]
[White "Mikhailovsky, Vladimir"]
[Black "Mammadzada, Gunay"]
[Result "0-1"]
[Board "104"]
[TimeControl "180+1"]
[WhiteFideId "34105414"]
[BlackFideId "13403729"]
[WhiteElo "2809"]
[BlackElo "2538"]
[WhiteTeam "RUS"]
[BlackTeam "AZE"]
[WhiteClock "0:00:02"]
[BlackClock "0:00:40"]

1. e4 c5 2. d4 cxd4 3. c3 dxc3 4. Nxc3 d6 5. Nf3 Nc6 6. Bc4 a6 7. O-O e6 8. Qe2 Qc7 9. Bf4 Nf6 10. Rac1 Be7 11. e5 Nh5 12. exd6 Nxf4 13. dxc7 Nxe2+ 14. Bxe2 Bd6 15. Na4 Bxc7 16. Nc5 Bf4 17. Rc4 Bd6 18. Rd1 Ke7 19. Ng5 Ne5 20. Rcc1 b6 21. Nce4 Bb8 22. f4 Ng6 23. Bf3 Ra7 24. Rc6 Rd7 25. Rdc1 Bb7 26. R6c2 Bxf4 27. Rf1 h6 28. Nxf7 Kxf7 29. Bh5 Bxe4 30. Rxf4+ Bf5 31. g4 Ke7 0-1

[Event "January 9 Early 2024"]
[Site "https://www.chess.com"]
[Date "2024.01.11"]
[Round "7"]
[White "Crocker, Philip J"]
[Black "Thake, Conrad"]
[Result "1-0"]
[Board "105"]
[TimeControl "180+1"]
[WhiteFideId "403180"]
[BlackFideId "5602947"]
[WhiteElo "2088"]
[BlackElo "1846"]
[WhiteTeam "ENG"]
[BlackTeam "MLT"]
[WhiteClock "0:00:52"]
[BlackClock "0:00:02"]

1. d4 Nf6 2. Bg5 b6 3. Nc3 Bb7 4. f3 e6 5. e4 Be7 6. Nge2 d5 7. e5 Nfd7 8. Bxe7 Qxe7 9. Qd2 Nc6 10. h4 O-O-O 11. O-O-O f6 12. f4 fxe5 13. fxe5 Rdf8 14. Nf4 Qf7 15. g3 Ne7 16. Bh3 Nf5 17. Qd3 c5 18. Bxf5 Qxf5 19. Qxf5 exf5 20. Nfxd5 cxd4 21. Rxd4 Nxe5 22. Rf1 Rf7 23. Rxf5 Bxd5 24. Nxd5 Rxf5 25. Ne7+ Kc7 26. Nxf5 g6 27. Ne3 Rf8 28. Ng4 Rf1+ 29. Kd2 Nf3+ 30. Ke2 Nxd4+ 31. Kxf1 Nxc2 32. Nf6 Nb4 33. Nxh7 Nxa2 34. Nf8 Nc1 35. Nxg6 Nd3 36. h5 Nc5 37. h6 Ne4 38. h7 Nxg3+ 39. Ke1 1-0

[Event "January 9 Early 2024"]
[Site "https://www.chess.com"]
[Date "2024.01.11"]
[Round "7"]
[White "Aravindh, Chithambaram VR."]
[Black "Grischuk, Alexander"]
[Result "0-1"]
[Board "106"]
[TimeControl "180+1"]
[WhiteFideId "5072786"]
[BlackFideId "4126025"]
[WhiteElo "2928"]
[BlackElo "3071"]
[WhiteTeam "IND"]
[BlackTeam "RUS"]
[WhiteClock "0:00:01"]
[BlackClock "0:00:47"]

1. b3 d5 2. Bb2 Nf6 3. Nf3 Bf5 4. e3 e6 5. c4 Nbd7 6. Nc3 h6 7. d4 c6 8. Bd3 Bd6 9. Bxf5 exf5 10. O-O Qe7 11. Qd3 Qe6 12. cxd5 Nxd5 13. Nxd5 Qxd5 14. Rae1 O-O 15. Nh4 g6 16. f3 Rae8 17. g3 Re7 18. Ng2 Rfe8 19. Qc2 h5 20. Re2 Nf6 21. Bc3 h4 22. gxh4 Nh5 23. Bb2 Nf4 24. Nxf4 Bxf4 25. e4 fxe4 26. fxe4 Rxe4 27. Rxe4 Rxe4 28. Qc4 Be3+ 29. Kh1 Rf4+ 30. Qxd5 Rxf1+ 31. Kg2 Rf2+ 32. Kg3 cxd5 0-1

[Event "January 9 Early 2024"]
[Site "https://www.chess.com"]
[Date "2024.01.11"]
[Round "7"]
[White "Martinez Ramirez, Lennis"]
[Black "Vela Frago, Alberto"]
[Result "0-1"]
[Board "107"]
[TimeControl "180+1"]
[WhiteFideId "3509079"]
[BlackFideId "24531685"]
[WhiteElo "2705"]
[BlackElo "2384"]
[WhiteTeam "CUB"]
[BlackTeam "ESP"]
[WhiteClock "0:00:02"]
[BlackClock "0:00:50"]

1. d4 Nf6 2. Nf3 g6 3. c4 Bg7 4. Nc3 O-O 5. e4 d6 6. h3 Na6 7. Bd3 e5 8. d5 Nc5 9. Bc2 a5 10. g4 c6 11. Be3 cxd5 12. cxd5 Nfd7 13. a4 Nb6 14. Nd2 Bd7 15. Rg1 Rc8 16. Qf3 Bf6 17. g5 Be7 18. h4 f5 19. exf5 Bxf5 20. Bxf5 Rxf5 21. Qe2 Qd7 22. Bxc5 Rxc5 23. Nde4 Rc4 24. b3 Rd4 25. Rd1 Rf4 26. Rxd4 exd4 27. Nb5 Nxd5 28. Nxd4 Rxh4 29. f3 Nf4 30. Qb5 Qxb5 31. Nxb5 d5 32. Nf6+ Bxf6 33. gxf6 Kf7 34. Nd6+ Kxf6 35. Nxb7 Rh2 36. Nxa5 Ke5 37. Kd1 Kd4 38. Nc6+ Kc3 39. Rg4 Rh1+ 0-1

[Event "January 9 Early 2024"]
[Site "https://www.chess.com"]
[Date "2024.01.11"]
[Round "7"]
[White "Belov, Alexei"]
[Black "Fier, Alexandr"]
[Result "1/2-1/2"]
[Board "108"]
[TimeControl "180+1"]
[WhiteFideId "4128206"]
[BlackFideId "2107139"]
[WhiteElo "2566"]
[BlackElo "2737"]
[WhiteTeam "RUS"]
[BlackTeam "BRA"]
[WhiteClock "0:00:08"]
[BlackClock "0:01:29"]

1. e4 c5 2. Nf3 d6 3. d4 cxd4 4. Nxd4 Nf6 5. Nc3 g6 6. Be3 Nc6 7. f3 h5 8. Bc4 Bd7 9. Qd2 Nxd4 10. Bxd4 Bh6 11. Qf2 Qa5 12. O-O O-O 13. Bxf6 exf6 14. Rfd1 Bf4 15. Nd5 Be5 16. c3 f5 17. f4 Bg7 18. exf5 Bxf5 19. Ne7+ Kh8 20. b4 Qc7 21. Nxf5 Qxc4 22. Nxg7 Kxg7 23. Qd4+ Qxd4+ 24. Rxd4 Rac8 25. Rc1 Rfe8 26. Kf2 Rc6 27. c4 b5 28. Rcd1 bxc4 29. Rxd6 Rcc8 30. Kf3 Re7 31. Rd7 Rxd7 32. Rxd7 c3 33. Rd1 c2 34. Rc1 Kf6 35. a3 Kf5 36. h3 h4 37. Ke3 Rc7 38. Kd3 Re7 39. Rxc2 Kxf4 40. Kd4 Kg3 41. b5 f5 42. a4 f4 43. Kd5 f3 44. gxf3 Kxh3 45. Kd6 Re3 46. a5 Rb3 47. Kc6 Kg3 48. Rc4 h3 49. Rg4+ Kxf3 50. Rxg6 h2 51. Rh6 Kg2 52. Rxh2+ Kxh2 53. b6 axb6 54. axb6 Kg3 55. b7 Kf4 56. Kc7 Ke5 57. b8=Q Rxb8 58. Kxb8 1/2-1/2

[Event "January 9 Early 2024"]
[Site "https://www.chess.com"]
[Date "2024.01.11"]
[Round "7"]
[White "Korchmar, Vasiliy"]
[Black "Marn, Jan"]
[Result "0-1"]
[Board "109"]
[TimeControl "180+1"]
[WhiteFideId "24131750"]
[BlackFideId "14619245"]
[WhiteElo "2713"]
[BlackElo "2491"]
[WhiteTeam "RUS"]
[BlackTeam "SLO"]
[WhiteClock "0:00:03"]
[BlackClock "0:00:33"]

1. e4 e5 2. Nf3 Nc6 3. Bc4 h6 4. O-O Nf6 5. Re1 d6 6. Nc3 Bg4 7. h3 Bxf3 8. Qxf3 Nd4 9. Qd1 g6 10. d3 Bg7 11. Be3 Ne6 12. Qd2 Nh5 13. Ne2 Qf6 14. g3 g5 15. Rad1 Nhf4 16. Kh2 Ng6 17. c3 h5 18. d4 h4 19. Rf1 g4 20. Bxe6 Qxe6 21. f4 hxg3+ 22. Nxg3 Rxh3+ 23. Kg2 Nh4+ 24. Kf2 Rh2+ 25. Kg1 Rxd2 26. Rxd2 exf4 27. Rxf4 Nf3+ 28. Rxf3 gxf3 29. Nf5 O-O-O 30. Bg5 Qxe4 0-1

[Event "January 9 Early 2024"]
[Site "https://www.chess.com"]
[Date "2024.01.11"]
[Round "7"]
[White "Luukkonen, Tommi"]
[Black "Rietze, Clemens, Dr."]
[Result "0-1"]
[Board "110"]
[TimeControl "180+1"]
[WhiteFideId "501808"]
[BlackFideId "24620351"]
[WhiteElo "2316"]
[BlackElo "2511"]
[WhiteTeam "FIN"]
[BlackTeam "GER"]
[WhiteClock "0:00:13"]
[BlackClock "0:00:51"]

1. e4 c5 2. Nf3 Nc6 3. Bb5 e6 4. O-O Nge7 5. Re1 Ng6 6. c3 d5 7. e5 Bd7 8. d4 Ncxe5 9. Bxd7+ Nxd7 10. g3 Be7 11. h4 h6 12. h5 Ngf8 13. Bf4 Nh7 14. Ne5 O-O 15. Nd2 Nxe5 16. dxe5 Bg5 17. Qg4 Kh8 18. Nf3 Qe7 19. c4 Rad8 20. Rad1 dxc4 21. Kg2 b5 22. Nd2 Rd4 23. Ne4 Rfd8 24. Nd6 a6 25. Qf3 Bxf4 26. gxf4 f6 27. Rxd4 cxd4 28. Qe4 fxe5 29. fxe5 d3 30. Qg6 Rf8 31. Ne4 Ng5 32. Ng3 Qf7 33. Qxf7 Rxf7 34. Re3 d2 0-1

[Event "January 9 Early 2024"]
[Site "https://www.chess.com"]
[Date "2024.01.11"]
[Round "7"]
[White "Carow, Johannes"]
[Black "Drozdowski, Kacper"]
[Result "0-1"]
[Board "111"]
[TimeControl "180+1"]
[WhiteFideId "24692050"]
[BlackFideId "1136720"]
[WhiteElo "2710"]
[BlackElo "2969"]
[WhiteTeam "GER"]
[BlackTeam "POL"]
[WhiteClock "0:00:09"]
[BlackClock "0:00:29"]

1. d4 Nf6 2. Nf3 e6 3. g3 c5 4. Bg2 Nc6 5. O-O cxd4 6. Nxd4 Bc5 7. Nb3 Be7 8. c4 O-O 9. Nc3 b6 10. Nb5 Ba6 11. N3d4 Bb7 12. Bf4 a6 13. Nd6 Bxd6 14. Bxd6 Re8 15. Nb3 Qc8 16. e4 e5 17. f3 a5 18. Rc1 a4 19. Nd2 Nd4 20. f4 exf4 21. e5 Bxg2 22. Kxg2 Qc6+ 23. Kh3 h5 24. Rxf4 Ng4 25. Rxg4 hxg4+ 26. Qxg4 Re6 27. Ne4 Rh6+ 28. Kg2 Rg6 29. Qh4 Nf5 30. Qf4 Nxd6 31. exd6 Re8 32. Re1 Rge6 0-1

[Event "January 9 Early 2024"]
[Site "https://www.chess.com"]
[Date "2024.01.11"]
[Round "7"]
[White "Gavrilov, Maxim"]
[Black "Prudnykova, Olga"]
[Result "1-0"]
[Board "112"]
[TimeControl "180+1"]
[WhiteFideId "24271454"]
[BlackFideId "14121093"]
[WhiteElo "2438"]
[BlackElo "2256"]
[WhiteTeam "RUS"]
[BlackTeam "ISL"]
[WhiteClock "0:00:43"]
[BlackClock "0:00:16"]

1. d4 Nf6 2. c4 g6 3. Nf3 Bg7 4. g3 d5 5. cxd5 Nxd5 6. Bg2 Nb6 7. Nc3 Nc6 8. e3 O-O 9. O-O a5 10. Qe2 Be6 11. Rd1 Bc4 12. Qe1 Nb4 13. Rd2 Ba6 14. b3 Nd3 15. Qd1 Nxc1 16. Rxc1 c6 17. Ne4 Nd7 18. a4 Qb6 19. Nc5 Nxc5 20. Rxc5 Rfd8 21. Ne5 Qb4 22. h4 h5 23. Qc2 e6 24. Rd1 Bf8 25. Rc3 Kg7 26. Nc4 Rac8 27. Bh3 b5 28. Ne5 c5 29. Bxe6 f5 30. Bxc8 Rxc8 31. Nd3 Qa3 32. Nxc5 b4 33. Ne6+ Kf7 34. Rxc8 Bxc8 35. Qxc8 Be7 36. Ng5+ Bxg5 37. Qc4+ Kf6 38. hxg5+ Kxg5 39. Kg2 Qb2 40. d5 Kh6 41. d6 1-0

[Event "January 9 Early 2024"]
[Site "https://www.chess.com"]
[Date "2024.01.11"]
[Round "7"]
[White "Pogorelskikh, Sofia"]
[Black "Subramanian, Anusha"]
[Result "1-0"]
[Board "113"]
[TimeControl "180+1"]
[WhiteFideId "44164548"]
[BlackFideId "477710"]
[WhiteElo "2269"]
[BlackElo "2098"]
[WhiteTeam "SRB"]
[BlackTeam "ENG"]
[WhiteClock "0:00:25"]
[BlackClock "0:00:04"]

1. e4 e6 2. d4 d5 3. Nc3 dxe4 4. Nxe4 Nd7 5. Nf3 Ngf6 6. Ng3 c5 7. c3 b6 8. Bb5 Bb7 9. O-O a6 10. Ba4 b5 11. Bc2 Bd6 12. Re1 O-O 13. Ne5 Qc7 14. Nh5 Nxh5 15. Qxh5 Nf6 16. Qe2 cxd4 17. cxd4 Rac8 18. Bd3 Bxe5 19. dxe5 Qc6 20. f3 Nd5 21. Qe4 g6 22. Bg5 Qb6+ 23. Kh1 Nf6 24. Qh4 Nd5 25. Bf6 h5 26. Qg5 Nxf6 27. exf6 Kh7 28. Qxh5+ Kg8 29. Bxg6 fxg6 30. Qxg6+ Kh8 31. Qg7# 1-0

[Event "January 9 Early 2024"]
[Site "https://www.chess.com"]
[Date "2024.01.11"]
[Round "7"]
[White "Mekhitarian, Krikor Sevag"]
[Black "Liu, Casper"]
[Result "0-1"]
[Board "114"]
[TimeControl "180+1"]
[WhiteFideId "2107660"]
[BlackFideId "1454153"]
[WhiteElo "2731"]
[BlackElo "2497"]
[WhiteTeam "BRA"]
[BlackTeam "DEN"]
[WhiteClock "0:00:01"]
[BlackClock "0:00:47"]

1. Nf3 d6 2. d4 g6 3. c4 Bg7 4. e4 Nf6 5. Nc3 O-O 6. h3 Re8 7. Be3 Nc6 8. d5 Ne5 9. Nxe5 dxe5 10. Be2 e6 11. O-O exd5 12. exd5 Nd7 13. c5 f5 14. b4 f4 15. Bd2 e4 16. Qb3 e3 17. fxe3 fxe3 18. Be1 Kh8 19. Rd1 Qg5 20. Qc4 Ne5 21. Qf4 Qxf4 22. Rxf4 Bh6 23. Rf1 Bf5 24. d6 cxd6 25. Rxd6 Rad8 26. Rxd8 Rxd8 27. Bh4 Rd2 28. Rd1 Nd3 29. a3 Nb2 30. Rf1 Bg7 31. Rc1 Bxc3 32. Rxc3 Rxe2 33. Bg5 Nd1 34. Rc1 Re1+ 35. Kh2 e2 36. Bh4 Rf1 37. Rc4 Ne3 38. Rd4 e1=Q 0-1